 Dungeon Crawl Stone Soup version 0.20.0-7-g3b7b877 (webtiles) character file.

38 Chiseanne the Magician (level 3, -7/24 HPs)
             Began as a Demonspawn Wizard on May 29, 2017.
             Mangled by a worm (9 damage)
             ... on level 2 of the Dungeon.
             The game lasted 00:02:58 (2070 turns).

Chiseanne the Magician (Demonspawn Wizard)          Turns: 2070, Time: 00:02:59

Health: -7/24      AC:  4    Str:  7    XL:     3   Next: 25%
Magic:  0/8        EV: 11    Int: 20    God:
Gold:   113        SH:  3    Dex: 11    Spells: 6/9 levels left

rFire    . . .     SeeInvis .   a - +2 dagger (flame)
rCold    . . .     Gourm    .   q - +0 buckler
rNeg     . . .     Faith    .   l - +0 robe
rPois    .         Spirit   +   b - +0 hat
rElec    .         Reflect  .   g - scarf {Spirit}
rCorr    .         Harm     .   (no gloves)
MR       .....                  (no boots)
Stlth    ++........             h - amulet of regeneration
Regen    0.5/turn               k - ring of wizardry
MPRegen  0.2/turn               (no ring)

@: no status effects
A: claws 1, iridescent scales 1
a: no special abilities


You were on level 2 of the Dungeon.
You were not hungry.

You visited 1 branch of the dungeon, and saw 2 of its levels.

You collected 113 gold pieces.

Inventory:

Hand Weapons
 a - a +2 dagger of flaming (weapon)
Missiles
 e - 50 stones (quivered)
 m - 25 sling bullets
Armour
 b - a +0 hat (worn)
 g - a scarf of spirit shield (worn)
 l - a +0 robe (worn)
 q - a +0 buckler (worn)
Jewellery
 h - an amulet of regeneration (around neck)
 k - a ring of wizardry (left claw)
 n - a +5 ring of protection {unknown}
Scrolls
 f - a scroll of blinking
 j - a scroll of recharging
Potions
 i - 2 potions of invisibility {unknown}
 o - a potion of curing {unknown}
Books
 c - a book of Minor Magic

   Spells                             Type                      Level
   a - Magic Dart                     Conjuration                  1
   b - Blink                          Translocation                2
   c - Call Imp                       Summoning                    2
   d - Slow                           Hexes                        2
   e - Conjure Flame                  Conjuration/Fire             3
   f - Mephitic Cloud                 Conjuration/Poison/Air       3
Comestibles
 d - 5 bread rations
 p - 2 chunks of flesh


   Skills:
 - Level 1.7 Dodging
 - Level 1.7 Stealth
 * Level 0.3 Shields
 * Level 3.7 Spellcasting
 * Level 2.0 Conjurations
   Level 1.0 Summonings
 - Level 0.8 Translocations


You had 6 spell levels left.
You knew the following spells:

 Your Spells              Type           Power        Failure   Level  Hunger
a - Magic Dart            Conj           ##..         4%          1    None
b - Blink                 Tloc           N/A          9%          2    ##.....


Dungeon Overview and Level Annotations

Branches:
Dungeon (2/15)

Altars:


Innate Abilities, Weirdness & Mutations

You have sharp fingernails.
You are partially covered in iridescent scales. (AC +2)


Message History

The worm is heavily wounded.
The worm completely misses you.
You hit the worm. You burn the worm.
The worm is heavily wounded.
The worm barely misses you.
You hit the worm. You burn the worm.
The worm is heavily wounded.
You hit the worm. You burn the worm.
The worm is almost dead.
The worm bites you.
You completely miss the worm.
The worm is severely wounded.
You hit the worm. You burn the worm.
The worm is almost dead.
The worm bites you!
* * * LOW HITPOINT WARNING * * *
You barely miss the worm.
The worm is almost dead.
The worm bites you!
You die...

#.# #.#.# ... #.# #.#.# ### ##.#
#)#.# .#.#########.#.#
...............##
.#.###.#####.#..# .#.....#
#.#..#######. .#####.#
#.#...w...... ## #.##.@##########
#..............# #####.########.#
#.# #.# ###### #.# #.# ...... #.#
#.# #
################.########.#######
.................................
#################.#####.#†#######


You could see a worm.

Vanquished Creatures
  An adder (D:2)
  A dart slug (D:2)
  A leopard gecko (D:2)
  3 bats
  2 giant cockroaches
  4 goblins
  2 hobgoblins
  4 kobolds
  2 frilled lizards (D:2)
  5 rats
25 creatures vanquished.

Notes
Turn   | Place    | Note
-------+----------+-------------------------------------------
     0 | D:1      | Chiseanne the Demonspawn Wizard began the quest for the Orb.
     0 | D:1      | Reached XP level 1. HP: 13/13 MP: 4/4
   678 | D:1      | Gained mutation: You are partially covered in iridescent scales. (AC +2) [demonic ancestry]
   678 | D:1      | Reached XP level 2. HP: 19/19 MP: 1/6
  1040 | D:2      | Learned a level 2 spell: Blink
  1929 | D:2      | Gained mutation: You have sharp fingernails. [demonic ancestry]
  1929 | D:2      | Reached XP level 3. HP: 22/24 MP: 1/8
  2069 | D:2      | HP: 1/24 [worm (10)]
  2070 | D:2      | Mangled by a worm

Skill      XL: |  1  2  3 |
---------------+----------+-----
Conjurations   | 2 |  2.0
Dodging        | |  1.7
Stealth        | |  1.7
Shields        | |  0.3
Spellcasting   | |  3.7
Summonings     | |  1.0
Translocations | |  0.8

Action                   || total
-------------------------++-------
Melee: Short sword       ||     7
       Dagger            ||     9
 Cast: Magic Dart        ||    73
  Use: Scroll            ||     7
  Eat: Chunk             ||     3
Armor: Robe              ||     2
Dodge: Dodged            ||    11
